 Dungeon Crawl Stone Soup version 0.27.0-1-g7a089689b8 (webtiles) character file.

Game seed: 4491702896555614403

44 bande the Covered (level 3, -4/23 HPs)
             Began as a Gargoyle Fighter on Aug 2, 2021.
             Splashed by a jelly's acid (6 damage)
             ... while paralysed by Grinder
             ... on level 3 of the Dungeon.
             The game lasted 00:02:42 (1091 turns).

bande the Covered (Gargoyle Fighter)                Turns: 1091, Time: 00:02:43

Health: -4/23      AC:  6    Str: 19    XL:     3   Next: 62%
Magic:  3/3        EV:  2    Int:  8    God:
Gold:   73         SH:  0    Dex: 10    Spells: 2/2 levels left

rFire    . . .     SeeInvis .   a - +0 war axe
rCold    + . .     Faith    .   c - +0 kite shield
rNeg     + . .     Spirit   .   b - +0 scale mail
rPois    ∞         Reflect  .   (no helmet)
rElec    +         Harm     .   (no cloak)
rCorr    .         Rampage  .   (no gloves)
Will     .....                  (no boots)
Stlth    ..........             (no amulet)
HPRegen  0.07/turn              i - ring of protection from cold
MPRegen  0.08/turn              (no ring)

@: paralysed, corroded
A: sickness immunity, AC +3, negative energy resistance 1, electricity
resistance, torment resistance 1, petrification resistance
a: no special abilities


You were on level 3 of the Dungeon.
You visited 1 branch of the dungeon, and saw 3 of its levels.

You collected 73 gold pieces.

Inventory:

Hand Weapons
 a - a +0 war axe (weapon)
Armour
 b - a +0 scale mail (worn)
 c - a +0 kite shield (worn)
Jewellery
 e - a ring of flight
 f - a ring of fire
 i - a ring of protection from cold (left hand)
Potions
 d - 2 potions of might
 g - a potion of heal wounds
 h - a potion of curing
 j - a potion of berserk rage {unknown}


   Skills:
 + Level 3.5 Fighting
 + Level 2.4 Axes
 + Level 3.8 Armour
 + Level 0.5 Dodging
 + Level 3.5 Shields


You had 2 spell levels left.
You didn't know any spells.
Your spell library was empty.

Dungeon Overview and Level Annotations

Branches:
Dungeon (3/15)

Altars:

Annotations:
D:2 Jessica, Sigmund
D:3 Grinder


Innate Abilities, Weirdness & Mutations

You are immune to sickness and miasma.
Your stone body is resilient. (AC +3)
You are immune to poison.
You resist negative energy. (rN+)
You are resistant to electric shocks. (rElec)
You are resistant to unholy torment.
You are immune to petrification.


Message History

A magic dart appears from out of thin air!
The magic dart hits you.
There is an open door here.
Jessica opens the door.
Jessica mumbles some strange words.
Jessica blinks!
Jessica gestures wildly while chanting.
Jessica seems to speed up.
Jessica casts a spell.
Jessica blinks!
Jessica gestures wildly while chanting.
Jessica blinks!
A puff of flame appears from out of thin air!
The puff of flame misses you.
There is a stone staircase leading down here.
The goblin hits you but does no damage.
You climb downwards.
Reactivating autopickup.
A worm, a jelly and Grinder come into view.
Grinder shouts!
The jelly quivers.
There is a stone staircase leading up here.
You closely miss the goblin. You block the goblin's attack.
You slash the goblin!
You kill the goblin!
You hit Grinder. Grinder hits you but does no damage.
The jelly jiggles.
Grinder hits you but does no damage.
Unknown command.
Grinder hits you. The jelly hits you.
You are splashed with acid!
* * * LOW HITPOINT WARNING * * *
Things that are here:
a +0 club; a goblin corpse Unknown command.
Grinder gestures at you.
You suddenly lose the ability to move!
The jelly hits you.
* * * LOW HITPOINT WARNING * * *
The acid corrodes you!
You are splashed with acid.
You die...

#+# #.#
######@##
##.....J5#
#......<.#
#..##....w#
#.
#....#....
#.##...####
... #..##
.... ...#
#.## #.##


You could see Grinder, a worm and a jelly.

Vanquished Creatures
  2 adders (D:2)
  2 dart slugs
  5 endoplasms (D:2)
  4 goblins
  4 kobolds
  2 ball pythons (D:1)
  A bat (D:2)
  A frilled lizard (D:2)
  2 rats
23 creatures vanquished.

Notes
Turn   | Place    | Note
-------+----------+-------------------------------------------
     0 | D:1      | bande the Gargoyle Fighter began the quest for the Orb.
     0 | D:1      | Reached XP level 1. HP: 14/14 MP: 1/1
   371 | D:1      | Reached XP level 2. HP: 19/19 MP: 2/2
   750 | D:2      | Reached XP level 3. HP: 23/23 MP: 3/3
  1058 | D:2      | Noticed Sigmund
  1058 | D:2      | Noticed Jessica
  1086 | D:3      | Noticed Grinder
  1090 | D:3      | Paralysed by Grinder for 6 turns
  1091 | D:3      | Splashed by a jelly's acid

Illustrated notes

Levels and vault maps discovered:
D:1:      lightli_molten_gateway, layout_rooms
D:2:      layout_basic, uniq_sigmund, uniq_crazy_yiuf_cottage, uniq_jessica
D:3:      cheibrodos_old_hovel, layout_loops_corners,
          mainiacjoe_overflow_large_starburst, mrwooster_statue_mirror,
          uniq_grinder

Skill      XL: |  1  2 |
---------------+-------+-----
Axes           | 2 |  2.4
Fighting       | |  3.5
Armour         | |  3.8
Dodging        | |  0.5
Shields        | |  3.5

Action                   || total
-------------------------++-------
Melee: War axe           ||    74
  Use: Scroll            ||     2
       Potion            ||     1
Armor: Scale mail        ||    43
Dodge: Dodged            ||    25
Block: Kite shield       ||    45
